[Event "58th Akiba Rubinstein C 2022"]
[Site "Polanica-Zdroj"]
[Date "2022.08.13"]
[Round "1.1"]
[White "Marusenko, Petr"]
[Black "Sobotka, Jan"]
[Result "1-0"]
[ECO "D35"]
[WhiteElo "2075"]
[BlackElo "1594"]
[Annotator "NA RC"]
[PlyCount "77"]
[EventDate "2022.08.13"]
[EventCountry "POL"]
[SourceTitle "playchess.com"]
[Source "ChessBase"]
[SourceQuality "1"]
[TimeControl "40/5400+30:1800+30"]

1. d4 d5 2. c4 e6 3. Nc3 Nf6 4. cxd5 exd5 5. Bg5 Be6 6. Qb3 b6 7. e3 Be7 8. Nf3 O-O 9. Ne5 c5 10. dxc5 bxc5 11. Qb7 Nbd7 12. Nc6 Qe8 13. Rd1 Bd6 14. Nb5 Be5 15. Be2 a6 16. f4 axb5 17. fxe5 Ne4 18. Be7 Rxa2 19. Bxf8 Kxf8 20. O-O Qa8 21. Qxa8+ Rxa8 22. Ra1 Rc8 23. Bxb5 Nb8 24. Ra8 Nxc6 25. Rxc8+ Bxc8 26. Bxc6 Be6 27. Rd1 f5 28. Bxd5 Ke7 29. Bxe4 fxe4 30. Rd6 g5 31. Kf2 h5 32. Ke2 Kf7 33. Kd2 h4 34. Kc3 g4 35. g3 hxg3 36. hxg3 Ke7 37. Rc6 c4 38. Rc7+ Kd8 39. Rxc4 1-0

[Event "58th Akiba Rubinstein C 2022"]
[Site "Polanica-Zdroj"]
[Date "2022.08.13"]
[Round "1.2"]
[White "Gregulski, Zbigniew"]
[Black "Zowada, Kazimierz"]
[Result "1/2-1/2"]
[ECO "A53"]
[WhiteElo "1591"]
[BlackElo "2041"]
[Annotator "NA RC"]
[PlyCount "175"]
[EventDate "2022.08.13"]
[EventCountry "POL"]
[SourceTitle "playchess.com"]
[Source "ChessBase"]
[SourceQuality "1"]
[TimeControl "40/5400+30:1800+30"]

1. d4 Nf6 2. c4 d6 3. Nc3 c6 4. Nf3 Nbd7 5. g3 e5 6. dxe5 dxe5 7. Bg2 Be7 8. O-O O-O 9. Qc2 Qc7 10. a3 Nb6 11. b3 Bg4 12. Bb2 Rfe8 13. Nh4 Qc8 14. Nf3 Bf8 15. Ne4 Nxe4 16. Qxe4 Bf5 17. Qe3 f6 18. a4 Nd7 19. Ba3 Bxa3 20. Rxa3 a5 21. Ra2 Qc7 22. Rd2 Rad8 23. Rfd1 Nf8 24. Qc3 Rxd2 25. Rxd2 Qb6 26. Nh4 Be6 27. Be4 g6 28. Bc2 Nd7 29. Ng2 Nc5 30. Qe3 Qb4 31. h4 Bf7 32. Ne1 Ne6 33. Nf3 Qc5 34. Qh6 Qf8 35. Qe3 Nc5 36. h5 Qe7 37. hxg6 Bxg6 38. Nh4 e4 39. Rd4 f5 40. Ng2 Ne6 41. Rd1 Rd8 42. Nf4 Rxd1+ 43. Bxd1 Nc5 44. Qd4 Bf7 45. Bc2 h5 46. Ng2 b6 47. Nh4 f4 48. Nf5 Qg5 49. Bxe4 Nxe4 50. Qxe4 fxg3 51. fxg3 h4 52. Qe5 Kh7 53. Qf4 Qxf4 54. gxf4 Bg6 55. Ne7 Bc2 56. Nc8 Bxb3 57. Nxb6 Kg6 58. Kg2 Kf5 59. e3 Kg4 60. c5 Be6 61. Kh2 Kf3 62. f5 Bb3 63. f6 Kxe3 64. Kh3 Kd4 65. Nd7 Bg8 66. Kxh4 Kc4 67. Kg5 Kb4 68. Kf4 Kxa4 69. Ke3 Kb3 70. Kd2 Kb2 71. Nb6 Bf7 72. Kd3 Kb3 73. Kd2 a4 74. Kc1 Bg6 75. f7 Bxf7 76. Kb1 Be6 77. Na8 Kb4 78. Nc7 Bc8 79. Kb2 Kxc5 80. Ka3 Kd4 81. Kxa4 Kc3 82. Ne8 Bd7 83. Nd6 c5+ 84. Ka3 Bc6 85. Ka2 Kc2 86. Ka3 Bd5 87. Ka4 Kd3 88. Kb5 1/2-1/2

[Event "58th Akiba Rubinstein C 2022"]
[Site "Polanica-Zdroj"]
[Date "2022.08.13"]
[Round "1.3"]
[White "Shilov, Sergej"]
[Black "Muc, Zbigniew"]
[Result "1-0"]
[ECO "A28"]
[WhiteElo "2048"]
[BlackElo "1580"]
[Annotator "NA RC"]
[PlyCount "53"]
[EventDate "2022.08.13"]
[EventCountry "POL"]
[SourceTitle "playchess.com"]
[Source "ChessBase"]
[SourceQuality "1"]
[TimeControl "40/5400+30:1800+30"]

1. c4 e5 2. Nc3 Nc6 3. Nf3 Nf6 4. d4 exd4 5. Nxd4 Nxd4 6. Qxd4 Be7 7. e4 d6 8. Be2 O-O 9. f3 b6 10. Be3 Re8 11. O-O-O Bb7 12. g4 Nd7 13. Qd2 Nf8 14. g5 Ne6 15. h4 a5 16. Rdg1 a4 17. h5 Nf8 18. Bd3 Nd7 19. g6 Ne5 20. gxf7+ Kxf7 21. Be2 Bf6 22. Nd5 Bc8 23. Nxf6 gxf6 24. f4 Bb7 25. fxe5 Bxe4 26. Rh4 f5 27. Rxe4 1-0

[Event "58th Akiba Rubinstein C 2022"]
[Site "Polanica-Zdroj"]
[Date "2022.08.13"]
[Round "1.4"]
[White "Litwin, Tomasz"]
[Black "fainberg, Boris"]
[Result "0-1"]
[ECO "A00"]
[WhiteElo "1580"]
[BlackElo "2015"]
[Annotator "TA"]
[PlyCount "152"]
[EventDate "2022.08.13"]
[EventCountry "POL"]
[SourceTitle "playchess.com"]
[Source "ChessBase"]
[SourceQuality "1"]
[TimeControl "40/5400+30:1800+30"]

1. b4 e5 2. Bb2 Bxb4 3. Bxe5 Nf6 4. c4 O-O 5. e3 Re8 6. Nf3 Nc6 7. Bb2 d5 {[%emt 0:08:33] Strongly threatening ...d4.} 8. cxd5 {[%emt 0:01:37] A00: Irregular Openings.} Nxd5 9. Be2 Bg4 10. O-O {[%emt 0:01:39] The position is equal.} Qe7 11. h3 Bh5 12. a3 Bd6 13. Nc3 Nxc3 14. Bxc3 Bxa3 {[%emt 0:03:23] [#]} 15. Bb5 $146 ({Predecessor:} 15. d4 Bb4 16. Qb3 a5 17. Rfc1 Red8 18. Qc4 Bxc3 19. Qxc3 Qb4 20. Qc2 Bg6 21. Bd3 Bxd3 22. Qxd3 {½-½ (33) Kural,A (2325)-Davis,J (2234) ICCF email 2012}) 15... Bd6 (15... a5 $5 ) 16. g4 (16. Qa4 $11) 16... Bg6 $15 17. Nd4 $2 (17. Ra4 $17 {was the crucial defense.}) 17... Qh4 18. Nf5 Bxf5 ({Not} 18... Qxh3 $2 19. Nxd6 Re6 20. Qe2 (20. Bxc6 $2 bxc6 21. Nxf7 Kxf7 $19) 20... Rxd6 21. f3) 19. gxf5 Qxh3 $40 {[%emt 0:00:16][%csl Gd6][%cal Rh3h2][%mdl 128] Black wants a kill.} 20. f4 Qxf5 21. Bxc6 bxc6 22. Rf3 (22. Qf3 $142) 22... Re6 (22... a5 $142 {White must now prevent ...Bb4.} 23. Rg3 g6) 23. Kf2 (23. Rg3 $142) 23... a5 24. Qh1 (24. Rg3 {is the only way for White.} Rg6 25. Rxg6 hxg6 26. Qf3) 24... Rh6 25. Qg2 Rg6 26. Qh1 a4 27. Rh3 h6 28. Qxc6 Qxh3 29. Qxa8+ Kh7 30. Rh1 {[%emt 0:03:52] Prevents Qh2+.} Qg3+ (30... Qg4 $2 31. Qf3 $19) 31. Kf1 (31. Ke2 $142 Bxf4 32. Rf1 Qg4+ 33. Qf3) 31... a3 $2 (31... c6 $19 {( -> ...Qf3+)} 32. Qxc6 Bb4 $1 ) 32. Qe4 {[%emt 0:05:37][%mdl 8192] Prevents Qf3+.} (32. f5 $11 Rg4 33. Rxh6+ Kxh6 34. Qh8+ Kg5 35. Qxg7+ Kxf5 36. Qxf7+ Kg5 37. Qg7+ Kf5 38. Qf7+ Kg5 39. Qg7+ Kf5 40. Qf7+) 32... f5 $19 33. Qd5 a2 (33... c6 $142 34. Qxc6 Bb4 $1 35. Qxg6+ Qxg6 36. Bxb4 Qc6) 34. Ke2 Qg2+ $2 (34... Be7 $19 35. Be5 Bb4) 35. Qxg2 $17 Rxg2+ {[%emt 0:00:13][%mdl 4096] Endgame KRB-KRB} 36. Kf3 Rg6 37. Ra1 h5 38. Rxa2 h4 39. Ra1 Rg3+ 40. Kf2 Kg6 41. Rh1 $2 (41. Ra8 $15) 41... Kh5 $19 42. Rh2 $2 (42. Be5 {was the only defense.}) 42... Be7 43. Rh1 Rg6 $2 (43... g6 {Hoping for ...Kg4.} 44. Ra1 Kg4) 44. Kf3 Bf8 45. Ba5 $2 (45. Ra1 $17) 45... Bd6 (45... Rg3+ $142 46. Kf2 Bd6) 46. Bc3 $2 (46. Kf2 {keeps fighting.}) 46... Rg3+ 47. Kf2 Bf8 $2 (47... Be7 $19 {is more deadly.} 48. Rh2 g6) 48. Ba5 $2 (48. Rb1 $17) 48... Bd6 49. Bc3 Rg4 50. Kf3 Kg6 (50... g5 $19 51. fxg5 Kxg5) 51. Kf2 (51. Ba5 $142) 51... Kf7 (51... c6 $142 52. Ba5 Be7) 52. Rh3 (52. d3 $142) 52... Ke6 ({Better is} 52... c5 53. Kf3 c4) 53. d3 $17 Be7 54. Be1 Kf7 55. Kf3 Kg6 56. e4 Kh5 57. e5 (57. exf5 $17 {was necessary.} Rg1 58. Bf2) 57... Rg1 $19 58. Bf2 (58. Kf2 Rg4 59. Kf3) 58... Rd1 59. d4 c6 60. Rh2 Rd3+ 61. Be3 (61. Ke2 $142 Rb3 62. Rh1) 61... Rc3 $2 (61... g5 62. Rc2 gxf4 63. Kxf4 Bg5+ 64. Kxf5 Rxe3) 62. Rg2 Kh6 (62... g6 $19 63. Rg1 Rb3) 63. Ke2 {[%emt 0:04:29] [#]} Rb3 (63... g6 $142 $1 64. Rg1 Kh5) 64. Bd2 $2 (64. Rg1 $17) 64... Rb1 65. Be1 g6 66. Bd2 Rh1 67. Be3 Kh5 68. Kf3 Ra1 {[%emt 0:01:32] Inhibits Ra2.} (68... h3 $19 {has better winning chances.} 69. Rg1 Rxg1 70. Bxg1 Bh4) 69. Rh2 $2 (69. Rb2 $17) 69... Ra3 70. Rg2 {[%emt 0:00:36] [#]} Bb4 $2 (70... g5 $1 $19 71. fxg5 h3) 71. Rc2 $2 (71. Rb2 $1 $15 Bf8 72. Rb8) 71... Rb3 (71... h3 $142 72. Rh2 Kh4) 72. e6 ({Don't go for} 72. Rxc6 $2 Bd2 73. Rc8 Rxe3+ $19) (72. Rg2 $142) 72... h3 73. Rh2 $2 (73. d5 cxd5 74. Rc8) 73... Kh4 {[%emt 0:00:21] aiming for ...Be7.} 74. Rh1 Bd2 {[%emt 0:00:29] Black mates.} 75. Ke2 Rxe3+ 76. Kxd2 Rxe6 {[%emt 0:00:18] Weighted Error Value: White=0.83/Black=0.65} 0-1

[Event "58th Akiba Rubinstein C 2022"]
[Site "Polanica-Zdroj"]
[Date "2022.08.13"]
[Round "1.6"]
[White "Tomalak, Stanislaw"]
[Black "Szylko, Waldemar"]
[Result "1/2-1/2"]
[ECO "A04"]
[WhiteElo "1554"]
[BlackElo "1911"]
[Annotator "TA"]
[PlyCount "66"]
[EventDate "2022.08.13"]
[EventCountry "POL"]
[SourceTitle "playchess.com"]
[Source "ChessBase"]
[SourceQuality "1"]
[TimeControl "40/5400+30:1800+30"]

1. Nf3 c6 2. g3 f5 3. d3 Nf6 {[%emt 0:00:12] [#]} 4. Nbd2 $146 ({Predecessor:} 4. Bg2 d5 5. O-O Nbd7 6. Nbd2 e5 7. Nh4 Nb6 8. e4 fxe4 9. dxe4 d4 10. Qe2 Be6 {1-0 (39) Klee,C-Rabl,R Wattens 1998}) 4... d6 5. Bg2 e5 6. e4 {[%emt 0:00:18] A04: Unusual lines after 1 Nf3 and King's Indian Attack.} Be7 7. O-O O-O 8. Re1 (8. exf5 $142 Bxf5 9. d4) 8... fxe4 $11 9. dxe4 Bg4 10. h3 Bh5 11. Nf1 Na6 12. g4 $1 Bg6 13. Ng3 Nc5 14. Nh2 Qc7 15. Qe2 (15. g5 $11 Nfd7 16. h4) 15... Rae8 (15... d5 $15 16. exd5 cxd5) 16. Bd2 (16. g5 $1 $11) 16... Ne6 (16... d5 $17 {...Nfxe4 is the strong threat.} 17. exd5 cxd5) 17. c3 Nd7 (17... Nf4 18. Bxf4 exf4 19. Nf5 $11) (17... d5 $15 18. exd5 cxd5) 18. Nf5 Nb6 19. Rad1 Bf7 20. h4 c5 (20... g6 $5 21. Nxe7+ Qxe7 $11) 21. b3 (21. Be3 $14) 21... a5 (21... c4 $11) 22. g5 c4 23. Qg4 {[%emt 0:10:06] Threatens to win with h5.} Kh8 (23... Nc5 $14) 24. h5 $1 $16 g6 25. Nh6 {[%emt 0:02:22] White is more active.} ({White must play} 25. hxg6 $16 Bxg6 26. Nh4) 25... Nf4 (25... Bd8 $11) 26. Bxf4 exf4 27. Nxf7+ ({Don't play} 27. Qxf4 Be6 28. Qh4 gxh5 $14) 27... Rxf7 28. hxg6 hxg6 (28... Rg7 $16) 29. Nf3 (29. e5 $18 {is the precise move to win.} d5 30. bxc4 dxc4 31. Be4) 29... Bf8 (29... Qc8 $16 30. Qxc8 Nxc8) 30. Nh4 $18 Kg7 {[%emt 0:01:27] [#]} 31. Bf3 ({White should play} 31. e5 $1 $16 ) 31... Re5 32. Bg2 $2 ({Don't blunder} 32. Nxg6 $2 Kxg6 33. Qh5+ Kg7 $19) (32. Be2 $11) 32... Re8 {[#]} 33. Bf3 $2 (33. e5 $1 $18 ) 33... Re5 {Weighted Error Value: White=0.39/Black=0.36} 1/2-1/2

[Event "58th Akiba Rubinstein C 2022"]
[Site "Polanica-Zdroj"]
[Date "2022.08.13"]
[Round "1.7"]
[White "Kwiecien, Zbigniew"]
[Black "Janocha, Jan"]
[Result "1-0"]
[ECO "C07"]
[WhiteElo "1937"]
[BlackElo "1547"]
[Annotator "TA"]
[PlyCount "97"]
[EventDate "2022.08.13"]
[EventCountry "POL"]
[SourceTitle "playchess.com"]
[Source "ChessBase"]
[SourceQuality "1"]
[TimeControl "40/5400+30:1800+30"]

1. e4 e6 2. d4 d5 3. Nd2 c5 4. c3 Nc6 5. Ngf3 cxd4 6. cxd4 dxe4 7. Nxe4 Nf6 {C07: French Tarrasch: 3...c5, 4 Ngf3 and 4 exd5 Qxd5.} 8. Nxf6+ Qxf6 9. Bd3 {[%emt 0:02:03] [#] Threatens to win with Bg5.} Bb4+ {[%emt 0:03:02] The position is equal.} 10. Ke2 {[%emt 0:00:35] And now Bg5 would win.} h6 {[%emt 0:06:44] [#] Against Bg5} (10... Nxd4+ $2 11. Nxd4 Bd7 12. Nf3 $18) 11. a3 $146 ({Predecessor:} 11. Be3 Bd7 12. Qb3 Ba5 13. Rhd1 Bb6 14. Kf1 O-O 15. Bc2 Ne7 16. Ne5 Rad8 17. Kg1 {0-1 (51) Ahmed,E (2394)-Alakraby,S Sanaa 2002}) 11... Bd6 12. Re1 O-O (12... Nxd4+ $2 13. Nxd4 O-O {[#]} 14. Kf1 $1 $18) 13. Kf1 Bc7 (13... Nxd4 $2 14. Nxd4 Rd8 15. Nf3 $18) 14. Be3 b6 $2 {[%emt 0:05:00][%mdl 8192] Black is now going downhill.} (14... Rd8 $11 {and Black stays safe.}) 15. Rc1 $18 Bb7 16. Be4 e5 17. d5 Rfd8 18. Qa4 ({Less strong is} 18. Qe2 Nb8 $18) 18... Nd4 (18... b5 $142 19. Qc2 Nd4 20. Bxd4 exd4 21. Qxc7 Bxd5 22. Bxd5 Rxd5) 19. Rxc7 Bxd5 20. Bxd5 Rxd5 21. Nxd4 exd4 22. Bd2 b5 23. Qb3 Rf5 24. Qg3 Kh7 25. Ree7 Qg6 26. Qxg6+ Kxg6 27. Red7 a5 28. Rxd4 b4 29. g4 Rb5 30. Rd6+ f6 31. a4 Re5 32. Rdd7 Rg8 33. f4 Re4 34. Kf2 b3 35. Bxa5 Rxf4+ 36. Kg3 Rxa4 37. Bc3 {[%emt 0:00:04] Hoping for h4.} Re4 38. h4 {[%emt 0:00:43] h5+ would kill now.} h5 39. gxh5+ Kxh5 40. Rd5+ g5 41. hxg5 fxg5 42. Rh7+ Kg6 43. Rb7 {[%emt 0:00:04] White is clearly winning.} Rge8 44. Rg7+ Kh6 45. Rgxg5 Re3+ 46. Kf2 {[%emt 0:00:15] Intending Rh5+ and mate.} Rxc3 47. bxc3 Rb8 48. Rg1 b2 49. Rb1 {[%emt 0:00:16] Weighted Error Value: White=0.21 (precise) /Black=0.76} 1-0

[Event "58th Akiba Rubinstein C 2022"]
[Site "Polanica-Zdroj"]
[Date "2022.08.13"]
[Round "1.8"]
[White "Urban, Marek"]
[Black "Pyka, Roman"]
[Result "0-1"]
[ECO "A51"]
[WhiteElo "1545"]
[BlackElo "1881"]
[Annotator "NA RC COMBH"]
[PlyCount "66"]
[EventDate "2022.08.13"]
[EventCountry "POL"]
[SourceTitle "playchess.com"]
[Source "ChessBase"]
[SourceQuality "1"]
[TimeControl "40/5400+30:1800+30"]

1. d4 Nf6 2. c4 e5 3. d5 Bc5 4. e3 d6 5. Be2 O-O 6. Nc3 a6 7. Nf3 Bf5 8. Nh4 Bd7 9. Nf3 Bb4 10. O-O Bxc3 11. bxc3 b6 12. Qc2 Bg4 13. a4 a5 14. e4 Nbd7 15. Ba3 Ne8 16. h3 Bh5 17. Nh2 Bg6 18. Bd3 Nef6 19. Nf3 Nxe4 20. Bxe4 f5 21. Bxf5 Bxf5 22. Qe2 Qf6 23. Nh2 Qg6 24. Qe3 Bd3 25. Rfd1 Bxc4 26. Rd2 Rf4 27. f3 Raf8 28. Kh1 Nf6 29. Rad1 Bb3 30. Re1 Nxd5 31. Rxd5 Bxd5 32. Bc1 Rxa4 33. Qe2 Bc4 0-1

[Event "58th Akiba Rubinstein C 2022"]
[Site "Polanica-Zdroj"]
[Date "2022.08.13"]
[Round "1.9"]
[White "Gromczak, Dariusz"]
[Black "Kwiatkowski, Zygmunt"]
[Result "1-0"]
[ECO "B10"]
[WhiteElo "1906"]
[BlackElo "1509"]
[Annotator "TA"]
[PlyCount "23"]
[EventDate "2022.08.13"]
[EventCountry "POL"]
[SourceTitle "playchess.com"]
[Source "ChessBase"]
[SourceQuality "1"]
[TimeControl "40/5400+30:1800+30"]

1. e4 c6 2. Nc3 d5 3. Nf3 dxe4 4. Nxe4 Nd7 5. Bc4 Ngf6 6. Ng3 e6 7. d4 Be7 8. O-O O-O 9. Re1 {B17: Caro-Kann: Modern Line (4...Nd7).} c5 (9... b5 $5 10. Bd3 Bb7 $14) 10. c3 b6 (10... Qc7 $14) 11. Qe2 {[#] White is much more active. The black rooks are badly placed.} (11. Ng5 $16) 11... Nd5 $146 {[%mdl 8192] [#]} (11... Bd6 $14) ({Predecessor:} 11... Bb7 12. Ng5 Qc7 13. Bd2 Bd6 14. Rad1 a6 15. Bc1 Rfe8 16. Bd3 Nf8 17. dxc5 Bxc5 {0-1 (38) Deppe,A-Petzold,K Germany 1995}) 12. Bxd5 {Black got outplayed after the opening.  Weighted Error Value: White=0.21 (precise) /Black=1.51} 1-0

[Event "58th Akiba Rubinstein C 2022"]
[Site "Polanica-Zdroj"]
[Date "2022.08.13"]
[Round "1.10"]
[White "Szymanski, Jerzy"]
[Black "Fikus, Zygmunt"]
[Result "0-1"]
[ECO "D02"]
[WhiteElo "1452"]
[BlackElo "1891"]
[Annotator "NA RC COMBH"]
[PlyCount "67"]
[EventDate "2022.08.13"]
[EventCountry "POL"]
[SourceTitle "playchess.com"]
[Source "ChessBase"]
[SourceQuality "1"]
[TimeControl "40/5400+30:1800+30"]

1. d4 d5 2. Nf3 Nf6 3. Bf4 e6 4. e3 Bd6 5. Bg3 Ne4 6. Ne5 Nxg3 7. hxg3 Bxe5 8. dxe5 Qg5 9. Rh5 Qe7 10. Qg4 g6 11. Rh6 Nd7 12. Qf4 g5 13. Qd4 Qf8 14. Rh3 Qg7 15. f4 gxf4 16. gxf4 f6 17. exf6 Qxf6 18. Qxf6 Nxf6 19. Rg3 Kf7 20. Nd2 Bd7 21. Bd3 Rag8 22. Kf2 Rxg3 23. Kxg3 Rg8+ 24. Kf2 c5 25. c3 e5 26. Be2 e4 27. Rh1 Bg4 28. Re1 Ke6 29. Nf1 Bxe2 30. Rxe2 Ng4+ 31. Kg1 h5 32. Nh2 Nf6 33. Kf2 h4 34. Re1 0-1

[Event "58th Akiba Rubinstein C 2022"]
[Site "Polanica-Zdroj"]
[Date "2022.08.13"]
[Round "1.11"]
[White "Kawula, Andrzej"]
[Black "Staroniewicz, Janusz"]
[Result "1-0"]
[ECO "D30"]
[WhiteElo "1870"]
[BlackElo "1486"]
[Annotator "NA RC COMBH"]
[PlyCount "73"]
[EventDate "2022.08.13"]
[EventCountry "POL"]
[SourceTitle "playchess.com"]
[Source "ChessBase"]
[SourceQuality "1"]
[TimeControl "40/5400+30:1800+30"]

1. d4 d5 2. c4 e6 3. Nf3 Nf6 4. Bg5 Nbd7 5. e3 b6 6. cxd5 exd5 7. Nc3 h6 8. Bh4 Be7 9. Bb5 Bb7 10. Ne5 O-O 11. Bc6 Bxc6 12. Nxc6 Qe8 13. Nxe7+ Qxe7 14. Nxd5 Qe4 15. Nxf6+ Nxf6 16. Bxf6 Qxg2 17. Ke2 Qg4+ 18. Kd2 Qxd1+ 19. Raxd1 gxf6 20. Rc1 Rac8 21. Rc6 Kh7 22. Rhc1 Rg8 23. Rxc7 Rxc7 24. Rxc7 Rg2 25. Ke2 Kg6 26. h4 Rh2 27. Rxa7 Rxh4 28. Rb7 Rg4 29. Rxb6 h5 30. Kf3 Kg5 31. Rb8 Kf5 32. Rh8 Rg5 33. b4 Ke6 34. a4 Kd5 35. b5 Kd6 36. Rc8 Rg1 37. b6 1-0

[Event "58th Akiba Rubinstein C 2022"]
[Site "Polanica-Zdroj"]
[Date "2022.08.13"]
[Round "1.12"]
[White "Wilczynski, Adam"]
[Black "Krasowski, Slawomir"]
[Result "1/2-1/2"]
[ECO "A15"]
[WhiteElo "1533"]
[BlackElo "1855"]
[Annotator "NA RC COMBH"]
[PlyCount "58"]
[EventDate "2022.08.13"]
[EventCountry "POL"]
[SourceTitle "playchess.com"]
[Source "ChessBase"]
[SourceQuality "1"]
[TimeControl "40/5400+30:1800+30"]

1. c4 Nf6 2. g3 g6 3. Bg2 Bg7 4. e4 e5 5. Ne2 O-O 6. O-O Nc6 7. Nbc3 d6 8. d3 Nd4 9. Nxd4 exd4 10. Ne2 c5 11. Bg5 h6 12. Bd2 Rb8 13. a4 Bd7 14. h3 a5 15. Qc1 Kh7 16. f4 b6 17. g4 Qe8 18. Qd1 Ng8 19. f5 g5 20. Be1 Be5 21. b3 Nf6 22. Bg3 Rh8 23. Qe1 Kg7 24. Bxe5 Qxe5 25. Qg3 h5 26. gxh5 Rxh5 27. Nf4 Rh6 28. Qxg5+ Kh7 29. Qg3 Rg8 1/2-1/2

[Event "58th Akiba Rubinstein C 2022"]
[Site "Polanica-Zdroj"]
[Date "2022.08.13"]
[Round "1.13"]
[White "Bukowska, Katarzyna"]
[Black "Nisztuk, Michal"]
[Result "1/2-1/2"]
[ECO "C67"]
[WhiteElo "1842"]
[BlackElo "1548"]
[Annotator "NA RC COMBH"]
[PlyCount "54"]
[EventDate "2022.08.13"]
[EventCountry "POL"]
[SourceTitle "playchess.com"]
[Source "ChessBase"]
[SourceQuality "1"]
[TimeControl "40/5400+30:1800+30"]

1. e4 e5 2. Nf3 Nc6 3. Bb5 Nf6 4. O-O Nxe4 5. d3 Nd6 6. Bxc6 dxc6 7. Nxe5 Be7 8. Nc3 Bf6 9. Bf4 O-O 10. Re1 Re8 11. h3 Be6 12. Nf3 Nf5 13. Qd2 Nh4 14. Nxh4 Bxh4 15. Ne4 Bd5 16. Rad1 b5 17. a4 a6 18. b3 Qd7 19. c4 Bxe4 20. dxe4 Qe7 21. Qd7 Qc5 22. Be3 Qb4 23. Bd4 Rad8 24. Qxc6 Qxb3 25. axb5 axb5 26. Qxb5 Qa2 27. g3 Be7 1/2-1/2

[Event "58th Akiba Rubinstein C 2022"]
[Site "Polanica-Zdroj"]
[Date "2022.08.13"]
[Round "1.14"]
[White "Bartczak, Hanna"]
[Black "Wielgus, Jerzy"]
[Result "1/2-1/2"]
[ECO "A45"]
[WhiteElo "1479"]
[BlackElo "1832"]
[Annotator "NA RC COMBH"]
[PlyCount "111"]
[EventDate "2022.08.13"]
[EventCountry "POL"]
[SourceTitle "playchess.com"]
[Source "ChessBase"]
[SourceQuality "1"]
[TimeControl "40/5400+30:1800+30"]

1. d4 Nf6 2. Nc3 d5 3. Bf4 c6 4. e3 Bf5 5. f3 e6 6. g4 Bg6 7. h4 h5 8. g5 Nfd7 9. Bd3 Bxd3 10. Qxd3 Nb6 11. Nge2 Bd6 12. O-O-O Na6 13. e4 Nb4 14. Qe3 Nc4 15. Qf2 Qb6 16. b3 Bxf4+ 17. Nxf4 Na3 18. Rd2 Qc7 19. Nd3 a5 20. Re1 O-O 21. Kb2 Naxc2 22. Rc1 Nxd3+ 23. Rxd3 Nb4 24. Rd2 Qf4 25. a3 Na6 26. Rdc2 dxe4 27. fxe4 Qxf2 28. Rxf2 Rad8 29. Rd1 Rd7 30. d5 exd5 31. exd5 cxd5 32. Rxd5 Rxd5 33. Nxd5 Re8 34. Rf4 Re5 35. Rd4 Nc5 36. Nc3 Kh7 37. b4 axb4 38. axb4 Na6 39. Kb3 Re7 40. Nd5 Re1 41. Kc4 Nb8 42. Kb5 Nc6 43. Rf4 Re5 44. Kc4 Nd8 45. b5 Kg6 46. Kd4 Re1 47. Re4 Ne6+ 48. Ke5 f6+ 49. gxf6 Rxe4+ 50. Kxe4 gxf6 51. Ne3 Ng7 52. Kd5 Nf5 53. Ng2 Kf7 54. Kc5 Ke7 55. Kb6 Nd4 56. Nf4 1/2-1/2

[Event "58th Akiba Rubinstein C 2022"]
[Site "Polanica-Zdroj"]
[Date "2022.08.13"]
[Round "1.15"]
[White "Uscinski, Marek"]
[Black "Mucha, Marek"]
[Result "1/2-1/2"]
[ECO "A42"]
[WhiteElo "1824"]
[BlackElo "1446"]
[Annotator "NA RC COMBH"]
[PlyCount "76"]
[EventDate "2022.08.13"]
[EventCountry "POL"]
[SourceTitle "playchess.com"]
[Source "ChessBase"]
[SourceQuality "1"]
[TimeControl "40/5400+30:1800+30"]

1. d4 g6 2. c4 Bg7 3. Nc3 d6 4. e4 c6 5. Nf3 Bg4 6. Be2 Qc7 7. O-O Nf6 8. Be3 O-O 9. Qd2 Nbd7 10. Rac1 Rad8 11. h3 Bxf3 12. Bxf3 a6 13. Rfd1 e5 14. d5 c5 15. Bg5 Rb8 16. Be2 h5 17. g4 hxg4 18. hxg4 b5 19. f3 b4 20. Na4 Nh7 21. Be7 Rfe8 22. Bh4 f6 23. Kg2 g5 24. Bf2 Kf7 25. Rh1 Nhf8 26. b3 Ng6 27. Bg3 Ndf8 28. Nb2 Nf4+ 29. Kf2 N8g6 30. Nd1 Rh8 31. Rxh8 Rxh8 32. Bf1 Qc8 33. Ne3 Ne7 34. Bg2 Rh7 35. Rh1 Qh8 36. Rxh7 Qxh7 37. Nf5 Nxf5 38. exf5 Nh3+ 1/2-1/2

[Event "58th Akiba Rubinstein C 2022"]
[Site "Polanica-Zdroj"]
[Date "2022.08.14"]
[Round "2.1"]
[White "Poniewierski, Piotr"]
[Black "Marusenko, Petr"]
[Result "0-1"]
[ECO "D34"]
[WhiteElo "1747"]
[BlackElo "2075"]
[Annotator "NA RC"]
[PlyCount "108"]
[EventDate "2022.08.13"]
[EventCountry "POL"]
[SourceTitle "playchess.com"]
[Source "ChessBase"]
[SourceQuality "1"]
[TimeControl "40/5400+30:1800+30"]

1. c4 e6 2. Nf3 d5 3. g3 c5 4. cxd5 exd5 5. d4 Nc6 6. Nc3 Nf6 7. Bg2 Be7 8. Bg5 O-O 9. O-O c4 10. b3 Qa5 11. Na4 h6 12. Bd2 Qd8 13. Ne5 Nxd4 14. Bxh6 Nf5 15. Bg5 cxb3 16. Qxb3 Nd4 17. Qd3 Ne6 18. Bc1 Qa5 19. Qd1 Rd8 20. Rb1 Ne4 21. Bb2 Bf6 22. Qc2 Bxe5 23. Bxe5 Bd7 24. Nc3 Rac8 25. Bxe4 dxe4 26. Qxe4 Rxc3 27. Bxc3 Qxc3 28. Qxb7 Nd4 29. Qb2 Bf5 30. Qxc3 Nxe2+ 31. Kg2 Nxc3 32. Rb2 Be6 33. a3 Rd3 34. Rc1 Bd5+ 35. Kf1 a5 36. Ke1 Ne4 37. Rd1 Rxd1+ 38. Kxd1 a4 39. f4 Bb3+ 40. Kc1 Nd6 41. Rxb3 axb3 42. Kb2 Kf8 43. Kxb3 Ke7 44. Kb4 Kd7 45. Kc5 Kc7 46. a4 Ne4+ 47. Kd4 Nd2 48. Ke5 Nf3+ 49. Kf5 Nxh2 50. Kg5 Nf3+ 51. Kh5 Nd4 52. g4 Ne6 53. f5 Nc5 54. a5 Kd6 0-1

[Event "58th Akiba Rubinstein C 2022"]
[Site "Polanica-Zdroj"]
[Date "2022.08.14"]
[Round "2.2"]
[White "Michalik, Marek"]
[Black "Shilov, Sergej"]
[Result "0-1"]
[ECO "B63"]
[WhiteElo "1742"]
[BlackElo "2048"]
[Annotator "NA RC"]
[PlyCount "55"]
[EventDate "2022.08.13"]
[EventCountry "POL"]
[SourceTitle "playchess.com"]
[Source "ChessBase"]
[SourceQuality "1"]
[TimeControl "40/5400+30:1800+30"]

1. e4 c5 2. Nf3 Nf6 3. Nc3 Nc6 4. d4 cxd4 5. Nxd4 d6 6. Bg5 e6 7. Qd2 Be7 8. O-O-O O-O 9. Ndb5 Qa5 10. Bxf6 Bxf6 11. Qxd6 a6 12. Na3 Bxc3 13. Nc4 Bb4 14. Qxf8+ Kxf8 15. Nxa5 Bxa5 16. Be2 Ke7 17. f4 Bb6 18. Rd3 Bd7 19. Rhd1 Bc8 20. g3 g6 21. Bf3 e5 22. c3 Be6 23. b3 Bc7 24. Bg2 exf4 25. gxf4 Bxf4+ 26. Kc2 Ne5 27. Rd4 Ng4 28. Bf1 0-1